Map: Odyssey LE

Players

fasy - Winner!

  • Race: Terran Terran
  • League: Platinum
  • Spawn Location: 11:00

Metasapien

  • Race: Zerg Zerg
  • League: Platinum
  • Spawn Location: 5:00

VOD

Have the link to the VOD?

Description

Time

  • Played on: Sept. 16, 2017, 8:42 p.m.
  • Length: 13:48
Show
View Real Time Build Order
Export as new Build Order

fasy Terran - Winner!

Build Orders: MMM Bio 

Get SALT Encoding   

  12  0:05  SCV  
  13  0:17  SCV  
  13  0:18  Supply Depot  
  14  0:29  SCV  
  15  0:42  SCV  
  16  0:43  Barracks  
  16  0:54  SCV  
  17  0:57  Refinery  
  17  1:06  SCV  
  18  1:18  SCV  
  19  1:30  Marine  
  21  1:33  Orbital Command  
  20  1:49  Command Center  
  20  1:58  Barracks  
  20  2:01  Refinery  
  20  2:14  Factory  
  20  2:21  Barracks Reactor  
  19  2:29  Supply Depot  
  19  2:32  SCV  
  20  2:44  SCV  
  21  2:48  Barracks Tech Lab  
  21  2:56  SCV  
  22  3:00  Factory Reactor  
  22  3:07  Stimpack, Marine  
  22  3:08  SCV, Marine  
  22  3:10  Marine  
  26  3:22  Starport  
  26  3:24  SCV  
  26  3:25  Marine  
  28  3:33  Orbital Command  
  28  3:36  Marine  
  29  3:42  Marine  
  29  3:44  SCV  
  31  3:52  Marine  
  31  3:54  Widow Mine  
  34  3:56  SCV  
  34  3:58  Marine  
  36  4:04  Marine  
  36  4:07  Medivac x2  
  41  4:10  Marine  
  41  4:16  SCV  
  43  4:17  SCV  
  43  4:20  Supply Depot, Marine  
  43  4:22  Marine  
  46  4:36  Supply Depot  
  46  4:41  Marine  
  46  4:44  Marine x2  
  49  4:48  SCV x2  
  49  4:50  Widow Mine  
  53  4:59  Marine  
  54  5:06  Engineering Bay x2  
  54  5:10  Marine x2  
  56  5:22  SCV x2  
  56  5:24  Supply Depot  
  56  5:26  Combat Shields, Supply Depot  
  58  5:29  Supply Depot  
  58  5:39  Marine x3  
  61  5:48  Supply Depot  
  61  5:52  Supply Depot  
  61  5:57  Marine x2  
  61  6:02  Barracks  
  63  6:05  Barracks  
  63  6:14  Factory Tech Lab  
  63  6:21  Factory, Terran Infantry Armor Level 1, Terran Infantry Weapons Level 1  
  57  6:45  Marine x3  
  57  6:46  Siege Tank  
  63  6:56  Barracks Tech Lab, Barracks Reactor  
  63  7:02  Armory, SCV  
  63  7:03  Marine x2  
  66  7:11  Medivac  
  68  7:18  Siege Tank  
  70  7:25  Marauder x2  
  70  7:26  Marine x2  
  70  7:27  Factory Tech Lab  
  76  7:33  Marine x2  
  76  7:36  SCV x2  
  80  7:44  Marine  
  81  7:46  Marauder x2  
  81  7:48  SCV x2  
  87  7:54  Command Center, Marine x3  
  90  8:00  SCV x2  
  90  8:03  Marine  
  90  8:04  Siege Tank  
  96  8:07  Marauder  
  96  8:09  Refinery  
  96  8:11  Refinery  
  96  8:12  SCV x2  
  100  8:14  Marauder  
  102  8:22  Supply Depot  
  102  8:25  Medivac, Supply Depot  
  104  8:44  SCV  
  106  8:49  Marine x2  
  103  8:56  Orbital Command, SCV  
  103  9:01  Siege Tank x2  
  103  9:02  Marine x3  
  110  9:03  Marine  
  110  9:06  Marine  
  84  10:11  Marine  
  84  10:12  Marine x5  
  84  10:13  Supply Depot x2  
  87  10:36  Supply Depot  
  87  10:46  Marine  
  87  10:47  Marine x4  
  87  10:48  Marauder  
  94  11:04  Marine x3  
  94  11:05  Marine  
  92  11:29  Marine x4  
  92  11:30  Marine x2  
  98  11:48  Marauder x2  
  101  12:05  Marine x3  
  101  12:06  Marine  
  100  12:09  Marauder x2  
  100  12:23  Marine  
  99  13:13  Marine  
  99  13:14  Marine x5  
Show
View Real Time Build Order
Export as new Build Order

Metasapien Zerg 

Build Orders: Pool First, Swarm Host, Roach Nydus 

Get SALT Encoding   

  12  0:07  Drone  
  13  0:14  Overlord  
  13  0:17  Drone  
  14  0:22  Extractor  
  14  0:28  Extractor  
  13  0:30  Drone  
  15  0:42  Spawning Pool  
  14  0:44  Drone  
  14  0:47  Extractor  
  14  0:51  Drone  
  15  1:02  Drone  
  16  1:22  Hatchery  
  16  1:23  Drone  
  16  1:31  Queen  
  18  1:34  Drone  
  19  1:45  Zergling x2  
  20  2:02  Drone  
  21  2:13  Drone  
  22  2:19  Extractor  
  21  2:27  Drone x2, Spine Crawler  
  22  2:40  Drone, Queen, Roach Warren  
  22  2:43  Overlord  
  24  2:45  Drone  
  24  2:46  Zergling x2  
  24  2:47  Overlord  
  26  2:59  Drone x2  
  26  3:02  Drone  
  29  3:07  Metabolic Boost  
  29  3:11  Drone  
  30  3:25  Drone  
  31  3:29  Drone  
  31  3:34  Roach x3  
  36  3:36  Roach  
  36  3:37  Roach  
  42  3:43  Drone  
  43  3:56  Drone  
  43  3:59  Overlord x2  
  44  4:06  Extractor  
  44  4:08  Overlord  
  43  4:10  Drone  
  43  4:11  Extractor  
  43  4:14  Drone  
  44  4:27  Drone x3, Roach x2  
  44  4:30  Lair  
  51  4:33  Overlord  
  51  4:38  Drone x2  
  53  4:39  Drone  
  53  4:43  Drone x2  
  56  5:10  Drone  
  56  5:11  Drone x4  
  61  5:19  Drone x3  
  61  5:20  Spore Crawler, Roach x3  
  69  5:24  Drone x2  
  71  5:32  Hydralisk Den  
  70  5:36  Evolution Chamber  
  70  5:40  Evolution Chamber  
  69  5:42  Drone  
  69  5:43  Drone x2  
  71  5:50  Infestation Pit  
  70  5:57  Nydus Network  
  70  5:59  Drone  
  70  6:03  Overlord  
  70  6:05  Roach x3  
  75  6:13  Zerg Ground Armor Level 1, Zerg Missile Weapons Level 1  
  73  6:19  Overlord x2  
  73  6:20  Overlord  
  73  6:21  Overlord  
  65  6:38  Ravager x2  
  63  6:45  Queen  
  65  6:54  Hydralisk x4  
  65  6:55  Hydralisk x3  
  79  7:05  Hatchery, Overseer  
  76  7:21  Pneumatized Carapace  
  68  7:45  Roach  
  68  7:46  Hydralisk x4, Roach x4  
  68  7:48  Glial Reconstitution  
  86  7:51  Muscular Augments  
  86  8:08  Drone  
  86  8:10  Zerg Missile Weapons Level 2  
  87  8:13  Extractor  
  87  8:17  Extractor  
  85  8:30  Nydus Canal  
  85  8:36  Hydralisk  
  85  8:37  Roach x2, Hydralisk x2  
  85  8:38  Roach x2  
  85  8:39  Overlord x3  
  99  9:04  Roach, Hydralisk x3  
  99  9:05  Roach x2  
  75  9:33  Hydralisk x2  
  75  9:34  Roach x3  
  61  9:44  Drone  
  61  9:45  Drone x2  
  58  9:50  Roach x3  
  58  9:52  Queen x2  
  62  9:56  Drone, Queen  
  59  10:09  Drone  
  52  10:44  Swarm Host x2  
  52  10:45  Swarm Host  
  52  10:48  Spawning Pool  
  58  10:58  Swarm Host  
  58  10:59  Swarm Host x2  
  64  11:15  Hatchery  
  58  11:41  Zergling x10  
  63  11:52  Hatchery  
  52  12:44  Drone x2  
  52  12:46  Hatchery  
  53  12:57  Queen  
  55  13:08  Drone  
  58  13:18  Hatchery  
  57  13:23  Drone  
Tags
 
Add a new tag
Caveats
  • Supply blocks, unpowered buildings, or Contaminate may cause inaccurate times.
  • Supply counts are checked every 10 seconds.